 Seeded DCSS version 0.27.1-4-g1640c2035a (webtiles) character file.

Game seed: 2102612025325667141 (custom seed)

17 coldcut the Covered (level 2, -1/24 HPs)
             Began as a Human Fighter on Nov 3, 2021.
             Was an Initiate of Fedhas.
             Slain by an adder (3 damage)
             ... on level 2 of the Dungeon.
             The game lasted 00:02:31 (212 turns).

coldcut the Covered (Human Fighter)                  Turns: 212, Time: 00:02:32

Health: -1/24      AC:  6    Str: 16    XL:     2   Next: 80%
Magic:  2/2        EV:  7    Int:  8    God:    Fedhas [......]
Gold:   8          SH:  9    Dex: 12    Spells: 1/1 levels left

rFire    . . .     SeeInvis .   a - +0 long sword
rCold    . . .     Faith    .   c - +0 kite shield
rNeg     . . .     Spirit   .   b - +0 scale mail
rPois    .         Reflect  .   (no helmet)
rElec    .         Harm     .   (no cloak)
rCorr    .         Rampage  .   (no gloves)
Will     .....                  (no boots)
Stlth    ..........             (no amulet)
HPRegen  0.08/turn              (no ring)
MPRegen  0.08/turn              (no ring)

@: lethally poisoned (-1 -> -2), very slow
A: no striking features
a: Renounce Religion


You were on level 2 of the Dungeon.
You worshipped Fedhas.
Fedhas was noncommittal.
You visited 1 branch of the dungeon, and saw 3 of its levels.

You collected 8 gold pieces.

Inventory:

Hand Weapons
 a - a +0 long sword (weapon)
Armour
 b - a +0 scale mail (worn)
 c - a +0 kite shield (worn)


   Skills:
 + Level 3.2 Fighting
 + Level 2.1 Long Blades
 + Level 3.3 Armour
 + Level 3.2 Shields


You had one spell level left.
You didn't know any spells.
Your spell library was empty.

Dungeon Overview and Level Annotations

Branches:
Dungeon (3/15)

Altars:
Fedhas


Message History

You closely miss the goblin.
The goblin is moderately wounded.
The goblin splashes around in the water.
The goblin hits you but does no damage.
Your unstable footing causes you to fumble your attack.
The goblin hits you but does no damage.
You slash the goblin!
You kill the goblin!
Fedhas appreciates your contribution to the ecosystem.
You hear a splash.
A quokka comes into view.
You see here a +0 dagger.
You cannot walk through the dense trees.
You cannot walk through the dense trees.
The quokka splashes around in the water.
You walk carefully through the plants.
You block the quokka's attack.
The quokka splashes around in the water.
The quokka splashes around in the water.
You block the quokka's attack.
The quokka bites you but does no damage.
You block the quokka's attack.
An adder comes into view.
The adder hisses angrily.
The quokka bites you.
The adder moves out of view.
You block the quokka's attack. The quokka bites you.
You block the adder's attack. The adder bites you.
The adder bites you but does no damage. You block the adder's attack.
The adder bites you.
* * * LOW HITPOINT WARNING * * *
You are poisoned.
The adder poisons you!
* * * LOW HITPOINT WARNING * * *
You feel sick. The quokka closely misses you.
The adder bites you but does no damage.
You walk carefully through the plants.
* * * LOW HITPOINT WARNING * * *
You feel very sick. The adder bites you.
You die...
Fedhas appreciates your contribution to the ecosystem.

#..≈≈♣≈≈≈≈P♣≈≈≈≈≈≈≈P≈≈≈♣≈♣##
♣P≈P≈P≈≈≈≈≈≈≈≈≈≈≈≈♣≈≈≈≈≈####
##♣♣♣≈≈≈≈≈≈≈≈≈≈≈≈≈≈≈≈P≈≈≈≈≈♣♣...
##≈♣P≈≈≈♣P≈≈≈≈≈≈≈≈≈≈≈≈≈≈P≈P≈≈≈≈#
..)≈≈≈≈≈≈≈≈≈≈≈≈≈≈≈≈≈≈≈P≈≈≈≈≈)♣P#
..P♣≈≈♣≈≈≈≈≈≈≈≈≈≈≈≈≈≈≈≈≈≈≈P≈≈♣♣#
<##≈P≈≈PP≈≈≈≈≈≈≈≈≈≈≈≈≈≈≈≈≈≈≈♣≈#
>...≈≈PP♣≈≈≈≈≈≈≈≈S≈≈≈≈≈≈≈P≈♣♣....
.###♣≈♣≈≈≈≈≈≈≈≈≈@r≈≈≈≈♣≈≈≈♣#.#.##
.# ..≈♣≈♣≈♣P≈P≈≈PP♣≈♣♣♣♣♣≈......
.##..[#P♣♣≈≈≈≈♣♣♣≈≈♣≈♣ .#.#.#.##
.##..##....♣≈♣≈≈P♣≈≈...#.#.#.#..
.##..###########.....#.#.#.#. ##
......... .......... .. ###.###.#
###.######.# # .. .#


You could see an adder and a quokka.

Vanquished Creatures
  An adder (D:2)
  An endoplasm (D:3)
  A giant cockroach (D:3)
  3 goblins
  A quokka (D:3)
7 creatures vanquished.

Vanquished Creatures (others)
  7 plants (D:2)
7 creatures vanquished.

Grand Total: 14 creatures vanquished

Notes
Turn   | Place    | Note
-------+----------+-------------------------------------------
     0 | D:1      | coldcut the Human Fighter began the quest for the Orb.
     0 | D:1      | Reached XP level 1. HP: 18/18 MP: 1/1
    29 | D:2      | Reached XP level 2. HP: 19/24 MP: 2/2
   115 | D:3      | Found a blossoming altar of Fedhas.
   131 | D:3      | Became a worshipper of Fedhas Madash
   212 | D:2      | Slain by an adder

Illustrated notes

Levels and vault maps discovered:
D:1:      minmay_arrival_up_and_down, layout_basic
D:2:      layout_basic, grunt_ministairs_11, serial_bayou_lake_a
D:3:      layout_loops_ring, fedhas_altar_2, mainiacjoe_overflow_big_doors,
          ebering_ecumenical_altar_webs, grunt_ministairs_9,
          uniq_crazy_yiuf_cottage

Action                   || total
-------------------------++-------
Melee: Long sword        ||    30
  Use: Potion            ||     1
Armor: Scale mail        ||    11
Dodge: Dodged            ||    11
Block: Kite shield       ||    19
       Rpst.: Long sword ||     3
